 Dungeon Crawl Stone Soup version 0.27.1 (webtiles) character file.

Game seed: 8888056431793033636

242 Tsarbomb the Chopper (level 6, -12/51 HPs)
             Began as a Hill Orc Fighter on Sept 4, 2021.
             Was a Believer of Makhleb.
             Mangled by an ogre (30 damage)
             ... on level 5 of the Dungeon.
             The game lasted 00:18:20 (3984 turns).

Tsarbomb the Chopper (Hill Orc Fighter)             Turns: 3984, Time: 00:18:21

Health: -12/51     AC: 13    Str: 21    XL:     6   Next: 9%
Magic:  6/6        EV:  4    Int: 12    God:    Makhleb [**....]
Gold:   97         SH:  9    Dex: 10    Spells: 4/5 levels left

rFire    . . .     SeeInvis .   a - +0 war axe
rCold    . . .     Faith    .   c - +0 kite shield
rNeg     . . .     Spirit   .   s - +0 plate armour
rPois    .         Reflect  .   (no helmet)
rElec    .         Harm     .   f - +0 cloak
rCorr    .         Rampage  .   j - +0 pair of gloves
Will     +....     Clarity  +   (no boots)
Stlth    ..........             (no amulet)
HPRegen  0.17/turn              n - +6 ring of intelligence
MPRegen  0.10/turn              (no ring)

@: no status effects
A: clarity, dopey 1, strong-willed 1
a: Renounce Religion, Minor Destruction


You were on level 5 of the Dungeon.
You worshipped Makhleb.
Makhleb was pleased with you.
You visited 1 branch of the dungeon, and saw 5 of its levels.

You collected 97 gold pieces.

Inventory:

Hand Weapons
 a - a +0 war axe (weapon)
 d - a +0 trident of venom
Missiles
 m - a throwing net (quivered)
Armour
 b - a +0 scale mail
 c - a +0 kite shield (worn)
 e - a +0 chain mail
 f - a +0 cloak (worn)
 j - a +0 pair of gloves (worn)
 s - a +0 plate armour (worn)
Jewellery
 n - a +6 ring of intelligence (left hand)
Scrolls
 g - a scroll of brand weapon {unknown}
 h - 2 scrolls of identify {unknown}
 i - a scroll of enchant weapon {unknown}
 o - a scroll of immolation {unknown}
 q - a scroll of teleportation
 r - a scroll of magic mapping {unknown}
Potions
 k - 3 potions of curing
 l - a potion of cancellation {unknown}
 p - a potion of ambrosia {unknown}


   Skills:
 - Level 3.6 Fighting
 * Level 6.9 Axes
 - Level 3.2 Armour
 + Level 4.8 Shields
 * Level 0.1 Invocations


You had 4 spell levels left.
You knew the following spells:

 Your Spells              Type           Power      Damage    Failure   Level
a - Apportation           Tloc           0%         N/A       100%        1

Your spell library contained the following spells:

 Spells                   Type           Power      Damage    Failure   Level
 Animate Skeleton         Necr           0%         N/A       100%        1
 Corona                   Hex            0%         N/A       100%        1
 Summon Small Mammal      Summ           0%         N/A       100%        1
 Ozocubu's Armour         Ice            0%         N/A       100%        3
 Animate Dead             Necr           0%         N/A       100%        4
 Borgnjor's Vile Clutch   Necr/Erth      0%         N/A       100%        5
 Death Channel            Necr           0%         N/A       100%        6
 Ozocubu's Refrigeration  Ice            0%         4d5       100%        7


Dungeon Overview and Level Annotations

Branches:
Dungeon (5/15)
 Temple: D:4-7

Altars:
Fedhas
Makhleb
The Shining One

Shops:
D:2 *   D:5 *

Annotations:
D:2 exclusion: downstairs
D:3 exclusion: downstairs
D:4 exclusion: downstairs


Innate Abilities, Weirdness & Mutations

You possess an exceptional clarity of mind.
You are dopey. (Int -2)
You are strong-willed. (Will+)


Message History

The adder bites you but does no damage. You block the adder's attack.
The adder bites you but does no damage. You block the adder's attack.
You block the adder's attack. The adder barely misses you.
The adder bites you but does no damage. The adder barely misses you.
You block the adder's attack. The adder barely misses you. The adder bites you.
You block the adder's attack. The adder barely misses you.
The adder bites you but does no damage. The adder bites you but does no damage.
You block the adder's attack. The adder bites you. The adder barely misses you.
You block the adder's attack. The adder bites you but does no damage.
The adder bites you. The adder bites you but does no damage.
You slash the adder!
You kill the adder!
Makhleb accepts your kill.
Press: ? - help, v - describe, . - travel, g - get item Item here: an iguana corpse.
The floor, spattered with blood.
You barely miss the ogre. You block the ogre's attack.
You barely miss the ogre. The ogre barely misses you.
You hit the ogre.
The ogre is lightly wounded.
The ogre hits you with a +0 giant club!
* * * LOW HITPOINT WARNING * * *
You see here an iguana skeleton.
You slash the ogre!
The ogre is moderately wounded.
The ogre hits you with a +0 giant club!!
Ouch! That really hurt!
You die...

#.#. ..#.# #...
##...###.#.# #...
##.....##...### #...
#.......#.....## ###...
#..............####..O.∩
#.......#..$.....##.O...
##......#.......$....<..
.#......O#....<..##......
.......÷@##.....####8....
##.......#.......# ######
##..............#
##...###.......## ...#.#
##.......####### ##...
##...##..†..... ###.
############## ##


You could see an ogre.

Vanquished Creatures
  A water moccasin skeleton (D:5)
  An iguana (D:5)
  Robin (D:2)
  4 gnolls
  3 adders
  An adder skeleton (D:4)
  2 worms
  4 dart slugs
  An orc (D:4)
  6 ball pythons
  2 endoplasms
  A giant cockroach (D:4)
  13 goblins
  8 hobgoblins
  5 quokkas
  5 bats
  3 frilled lizards
  8 kobolds
  15 rats
84 creatures vanquished.

Notes
Turn   | Place    | Note
-------+----------+-------------------------------------------
     0 | D:1      | Tsarbomb the Hill Orc Fighter began the quest for the Orb.
     0 | D:1      | Reached XP level 1. HP: 19/19 MP: 1/1
   159 | D:1      | Reached skill level 3 in Axes
   183 | D:1      | Reached XP level 2. HP: 22/26 MP: 2/2
   985 | D:2      | Found Qixidd's General Store.
  1008 | D:2      | Reached XP level 3. HP: 31/31 MP: 3/3
  1196 | D:2      | Reached skill level 4 in Axes
  1398 | D:2      | Noticed Robin
  1428 | D:2      | Gained mutation: You are agile. (Dex +2) [potion of
                  | mutation]
  1436 | D:2      | Killed Robin
  1437 | D:2      | Reached XP level 4. HP: 18/39 MP: 4/4
  1441 | D:2      | Lost mutation: You are agile. (Dex +2) [potion of mutation]
  1441 | D:2      | Gained mutation: You are dopey. (Int -2) [potion of
                  | mutation]
  1441 | D:2      | Gained mutation: Armour fits poorly on your strangely
                  | shaped body. [potion of mutation]
  1441 | D:2      | Gained mutation: You have a somewhat thin skeletal
                  | structure. (Dex +2, Stealth+) [potion of mutation]
  1442 | D:2      | Lost mutation: You have a somewhat thin skeletal structure.
                  | (Dex +2, Stealth+) [potion of mutation]
  1442 | D:2      | Lost mutation: Armour fits poorly on your strangely shaped
                  | body. [potion of mutation]
  1442 | D:2      | Gained mutation: You possess an exceptional clarity of
                  | mind. [potion of mutation]
  1837 | D:3      | Found a faded altar of an unknown god.
  1848 | D:3      | Became a worshipper of Makhleb the Destroyer
  1848 | D:3      | Reached * piety under Makhleb
  1874 | D:3      | Noticed a necrophage
  2122 | D:3      | Reached skill level 5 in Axes
  2418 | D:3      | Found a glowing golden altar of the Shining One.
  2525 | D:4      | Learned a level 1 spell: Apportation
  2533 | D:4      | Found a blossoming altar of Fedhas.
  2628 | D:4      | Reached ** piety under Makhleb
  2772 | D:3      | Reached XP level 5. HP: 45/45 MP: 5/5
  3019 | D:4      | Noticed a necrophage
  3414 | D:4      | Gained mutation: You are partially covered in iridescent
                  | scales. (AC +2) [potion of mutation]
  3414 | D:4      | Lost mutation: You are partially covered in iridescent
                  | scales. (AC +2) [potion of mutation]
  3414 | D:4      | Gained mutation: You are strong-willed. (Will+) [potion of
                  | mutation]
  3524 | D:5      | Entered Level 5 of the Dungeon
  3524 | D:5      | Noticed an ogre
  3524 | D:5      | Found Laos's Assorted Antiques.
  3532 | D:4      | Reached skill level 6 in Axes
  3539 | D:5      | Noticed a necrophage
  3741 | D:5      | Reached XP level 6. HP: 32/51 MP: 6/6
  3984 | D:5      | Mangled by an ogre

Illustrated notes

Levels and vault maps discovered:
D:1:      dpeg_arrival_ratfight, layout_basic, st_stairs_9
D:2:      layout_rooms, serial_shops, nicolae_shop_crystal, dk_noncrumbling_3,
          minmay_rat_gold_closets, uniq_robin
D:3:      layout_basic, tso_metal_star, shapermc_ecumenical_altar_mp_highgroup
D:4:      layout_basic, mainiacjoe_overflow_concentric_impassable,
          serial_park_tiny_2, item_on_display_a
D:5:      layout_rooms, nzn_wu_jian_council_hall, minmay_temple_entry_arrows,
          nicolae_stop_n_shop_1

Skill      XL: |  1  2  3  4  5 |
---------------+----------------+-----
Axes           | 3 4 5 6 |  6.9
Shields        | 4 |  4.8
Fighting       | |  3.6
Armour         | |  3.2
Invocations    | |  0.1

Action                   |  1- 3 |  4- 6 || total
-------------------------+-------+-------++-------
Melee: War axe           |   104 |   150 ||   254
  Use: Potion            |     4 |     3 ||     7
       Scroll            |       |     1 ||     1
Armor: Scale mail        |    42 |    27 ||    69
       Chain mail        |       |    14 ||    14
       Plate armour      |       |    43 ||    43
Dodge: Dodged            |    25 |    57 ||    82
Block: Kite shield       |    49 |    92 ||   141
